 Dungeon Crawl Stone Soup version 0.29-a0-19-gef7f3e67aa (console) character file.

Game seed: 6642359457376161135

91 Cab the Chopper (level 4, 0/27 (35) HPs)
             Began as a Demonspawn Fighter on Jan 29, 2022.
             Killed from afar by an orc wizard (4 damage)
             ... with a puff of flame
             ... on level 3 of the Dungeon.
             The game lasted 00:04:11 (1515 turns).

Cab the Chopper (Demonspawn Fighter)                Turns: 1515, Time: 00:04:12

HP:   0/27 (35)     AC: 11    Str: 25    XL:     4   Next: 33%
MP:   4/4           EV:  6    Int:  9    God:
Gold: 48            SH:  4    Dex: 12    Spells: 3/3 levels left

rFire   . . .      SeeInvis .   a - +0 war axe
rCold   . . .      Faith    .   c - +0 buckler
rNeg    . . .      Spirit   .   l - +0 plate armour
rPois   .          Reflect  .   (no helmet)
rElec   .          Harm     .   (no cloak)
rCorr   .          Rampage  .   (no gloves)
Will    .....                   (no boots)
Stlth   ..........              h - amulet of magic regeneration
HPRegen 0.09/turn               b - +6 ring of strength
MPRegen 0.49/turn               (no ring)

@: heavily drained
A: powered by death 1, weakness stinger 1
a: no special abilities


You were on level 3 of the Dungeon.
You visited 1 branch of the dungeon, and saw 3 of its levels.

You collected 48 gold pieces.

Inventory:

Hand Weapons
 a - a +0 war axe (weapon)
Armour
 c - a +0 buckler (worn)
 l - a +0 plate armour (worn)
Jewellery
 b - a +6 ring of strength (left hand)
 f - a ring of willpower
 h - an amulet of magic regeneration (around neck)
Scrolls
 e - a scroll of enchant weapon {unknown}
 g - a scroll of identify {unknown}
 i - a scroll of fear {unknown}
 k - 2 scrolls of teleportation {unknown}
Potions
 d - a potion of might
 j - 2 potions of lignification {unknown}
 m - a potion of curing {unknown}


   Skills:
 - Level 3.0 Fighting
 + Level 4.2 Axes
 - Level 2.6 Armour
 - Level 2.6 Shields


You had 3 spell levels left.
You didn't know any spells.
Your spell library was empty.

Dungeon Overview and Level Annotations

Branches:
Dungeon (3/15)

Altars:

Shops:
D:1 *


Innate Abilities, Weirdness & Mutations

You regenerate a little health from kills.
You have a small tail.


Message History

Items here: a +0 club; a +0 short sword; an orc corpse.
The floor, spattered with blood.
You hit the orc priest.
The orc priest is moderately wounded.
You barely miss the orc wizard.
You feel less confused.
The orc priest hits you but does no damage.
The orc wizard hits you but does no damage.
You feel drained.
The orc priest calls down the wrath of Beogh upon you.
Beogh smites you!
You closely miss the orc priest.
The orc priest is moderately wounded.
You barely miss the orc wizard.
The orc wizard hits you but does no damage.
You feel drained. The orc priest completely misses you.
You barely miss the orc priest.
The orc priest is moderately wounded.
You hit the orc wizard. The orc wizard barely misses you.
The orc priest calls down the wrath of Beogh upon you.
Beogh smites you!
* * * LOW HITPOINT WARNING * * *
You block the orc wizard's attack.
You barely miss the orc priest.
Your tail-slap misses the orc priest.
The orc priest is moderately wounded.
You hit the orc wizard.
The orc priest miscasts a cantrip.
The orc wizard barely misses you.
The orc priest calls upon Beogh to heal the orc wizard.
The orc wizard's wounds heal themselves!
Okay, then.
You barely miss the orc priest.
The orc priest is moderately wounded.
You hit the orc wizard but do no damage.
The orc wizard hits you but does no damage.
You feel drained.
The orc priest looks satisfied for a moment.
The orc wizard points at you and mumbles some strange words.
The puff of flame hits you.
You die... ∙∙∙o ▒∙∙ ∙∙∙o∙ ∙∙∙ ∙∙∙∙∙ ▒∙∙ ▒ ∙∙$∙∙∙▒∙▒∙▒ ∙∙∙∙∙∙▒∙▒∙▒▒▒ ∙∙∙∙∙∙'∙∙∙∙∙■

▒∙▒▒∙▒▒
▒▒▒▒▒▒o▒<∙∙■
▒∙∙∙∙@o∙∙∙∙▒∙∙∙
▒∙∙∙∙∙∙%∙∙∙∙∙∙∙
▒∙∙∙∙>∙∙∙∙∙∙∙∙∙∙
▒∙∙∙∙∙∙?∙∙∙∙∙∙∙∙
▒∙∙[∙∙∙∙∙∙∙∙∙∙∙∙
▒▒▒∙∙∙▒∙∙∙∙∙∙∙∙∙
▒∙∙∙∙∙∙∙∙∙<∙∙∙
▒∙∙∙∙∙∙∙∙∙∙∙▒
▒∙∙∙∙∙∙∙∙∙∙∙▒


You could see an orc priest and an orc wizard.

Vanquished Creatures
  3 adders
  2 orcs (D:3)
  7 ball pythons
  4 bats
  2 endoplasms
  4 giant cockroaches
  8 goblins
  4 hobgoblins
  7 jackals (D:2)
  3 quokkas
  2 frilled lizards (D:2)
  3 kobolds
  6 rats
55 creatures vanquished.

Notes
Turn   | Place    | Note
-------+----------+-------------------------------------------
     0 | D:1      | Cab the Demonspawn Fighter began the quest for the Orb.
     0 | D:1      | Reached XP level 1. HP: 18/18 MP: 1/1
    15 | D:1      | Reached skill level 2 in Axes
   160 | D:1      | Gained mutation: You regenerate a little health from kills.
                  | [demonic ancestry]
   160 | D:1      | Reached XP level 2. HP: 23/24 MP: 2/2
   319 | D:1      | You fall into a shaft and drop 1 floor!
   319 | D:2      | Found a faded altar of an unknown god.
   580 | D:1      | Found Ruruo's General Store.
   614 | D:1      | Reached skill level 3 in Axes
   928 | D:2      | Gained mutation: You have a small tail. [demonic ancestry]
   928 | D:2      | Reached XP level 3. HP: 25/29 MP: 3/3
  1325 | D:2      | Reached skill level 4 in Axes
  1325 | D:2      | Reached XP level 4. HP: 27/35 MP: 4/4
  1515 | D:3      | Killed from afar by an orc wizard

Illustrated notes

Levels and vault maps discovered:
D:1:      psy_arrival_fountain, layout_loops_ring, serial_shops, shop,
          minmay_misc_feat_ornament, minmay_shallow_snake_nest
D:2:      layout_basic, nicolae_ecumenical_pavilion, corner_web_ring,
          serial_bayou_pond_e
D:3:      layout_basic, serial_shops, nicolae_shop_competitors_out_of_business,
          grunt_decor_mini_mirrors, uniq_natasha, uniq_sigmund

Skill      XL: |  1  2  3 |
---------------+----------+-----
Axes           | 2 3 4 |  4.2
Fighting       | |  3.0
Armour         | |  2.6
Shields        | |  2.6

Action                   |  1- 3 |  4- 6 || total
-------------------------+-------+-------++-------
Melee: War axe           |   134 |    23 ||   157
       Tailslap          |     1 |     1 ||     2
  Use: Scroll            |     1 |       ||     1
Armor: Scale mail        |    52 |       ||    52
       Plate armour      |    23 |    18 ||    41
Dodge: Dodged            |    49 |     7 ||    56
Block: Buckler           |    39 |     3 ||    42

Table legend: (Time is in decaauts)
 A = Elapsed time spent in this place.
 B = Non-inter-level travel time spent in this place.
 C = Inter-level travel time spent in this place.
 D = Time resting spent in this place.
 E = Time spent auto-exploring this place.
 F = Levels seen in this place.
 G = Mean time per level.
                   A        B        C        D        E       F      G
               +--------+--------+--------+--------+--------+-----+--------+
         Total |   1574 |   1550 |     24 |      0 |   1092 |   3 |  524.7 |
       Dungeon |   1574 |   1550 |     24 |      0 |   1092 |   3 |  524.7 |
               +--------+--------+--------+--------+--------+-----+--------+

Top non-repeatable levels by time:
     D:1: 894 daAuts
     D:2: 634 daAuts
     D:3: 46 daAuts
